Map: Kairos Junction LE

Players

MaSa - Winner!

  • Race: Terran Terran
  • League: Master
  • Spawn Location: 5:00

Probe

  • Race: Protoss Protoss
  • League: Master
  • Spawn Location: 11:00

Event: 2019 WCS Winter Americas

VOD

Have the link to the VOD?

Description

Time

  • Played on: March 24, 2019, 3:07 p.m.
  • Length: 37:11

All games in this series

Show
View Real Time Build Order
Export as new Build Order

MaSa Terran - Winner!

Build Orders:  

Get SALT Encoding   

  12  0:01  SCV  
  13  0:13  SCV  
  14  0:17  Supply Depot  
  14  0:25  SCV  
  15  0:39  SCV  
  15  0:41  Barracks  
  16  0:45  Refinery  
  16  0:51  SCV  
  17  1:03  SCV  
  17  1:04  Barracks  
  18  1:15  SCV  
  19  1:31  Reaper, Orbital Command  
  20  1:55  Supply Depot, Barracks Tech Lab  
  20  1:59  SCV  
  21  2:02  Marine  
  22  2:11  SCV  
  22  2:13  Concussive Shells  
  22  2:15  Supply Depot  
  23  2:17  Marauder  
  23  2:20  Marine  
  26  2:23  SCV  
  27  2:35  SCV  
  28  2:38  Marine  
  28  2:39  Marauder  
  31  2:47  SCV  
  32  2:51  Command Center  
  32  2:59  Marine  
  32  3:00  SCV  
  32  3:04  Marauder  
  36  3:10  Supply Depot  
  36  3:15  Stimpack  
  36  3:33  SCV  
Show
View Real Time Build Order
Export as new Build Order

Probe Protoss 

Build Orders: 1 Gate Expand, Blink Stalkers 

Get SALT Encoding   

  12  0:00  Probe  
  13  0:13  Probe  
  14  0:17  Pylon  
  14  0:24  Probe  
  15  0:32  Probe  
  15  0:37  Gateway  
  15  0:40  Probe  
  16  0:46  Assimilator  
  17  0:51  Probe  
  18  1:03  Probe  
  19  1:15  Probe  
  20  1:22  Nexus  
  20  1:34  Cybernetics Core  
  20  1:39  Probe  
  21  1:41  Assimilator  
  21  1:51  Probe  
  21  1:53  Pylon  
  22  2:01  Adept  
  22  2:02  Probe  
  23  2:10  Probe  
  23  2:11  Warp Gate  
  26  2:18  Probe  
  27  2:26  Twilight Council  
  27  2:30  Probe  
  28  2:37  Stalker  
  28  2:38  Probe  
  31  2:45  Probe  
  32  2:53  Probe  
  32  2:54  Probe  
  34  3:01  Probe  
  34  3:03  Blink  
  35  3:06  Probe  
  35  3:09  Probe  
  35  3:10  Stalker  
  38  3:18  Probe x2  
  40  3:23  Shield Battery  
  40  3:25  Shield Battery  
  39  3:30  Probe  
Tags
 
Add a new tag
Caveats
  • Supply blocks, unpowered buildings, or Contaminate may cause inaccurate times.
  • Supply counts are checked every 10 seconds.